 Dungeon Crawl Stone Soup version 0.31-a0-233-g139696dc86 (webtiles) character file.

Game seed: 7022078547785673579

158 Iich the Chopper (level 5, -2/48 HPs)
             Began as a Hill Orc Fighter on July 9, 2023.
             Slain by Menkaure (12 damage)
             ... on level 4 of the Dungeon.
             The game lasted 00:04:51 (2455 turns).

Iich the Chopper (Hill Orc Fighter)                 Turns: 2455, Time: 00:04:52

Health: -2/48      AC:  6    Str: 19    XL:     5   Next: 39%
Magic:  5/5        EV:  9    Int:  8    God:
Gold:   230        SH:  4    Dex: 12    Spells: 4/4 levels left

rFire   . . .        a - +1 war axe
rCold   . . .        c - +0 buckler
rNeg    . . .        b - +0 scale mail
rPois   .            (no helmet)
rElec   .            (no cloak)
rCorr   .            (no gloves)
SInv    .            (no boots)
Will    .....        (no amulet) Stlth
                     (no ring)
HPRegen 0.28/turn    (no ring)
MPRegen 0.09/turn

%: no passive effects
@: mighty
A: no striking features
a: no special abilities


You were on level 4 of the Dungeon.
You visited 1 branch of the dungeon, and saw 4 of its levels.

You collected 230 gold pieces.

Inventory:

Hand Weapons
 a - a +1 war axe (weapon)
Armour
 b - a +0 scale mail (worn)
 c - a +0 buckler (worn)
Scrolls
 f - a scroll of noise
 g - a scroll of enchant armour
 h - a scroll of enchant weapon
 i - a scroll of fear {unknown}
 k - a scroll of poison
 t - a scroll of teleportation
Potions
 d - 2 potions of might
 e - a potion of lignification {unknown}
 j - a potion of attraction
 l - a potion of enlightenment {unknown}
 m - a potion of haste {unknown}


   Skills:
 + Level 5.0 Fighting
 * Level 6.0 Axes
 - Level 3.2 Armour
 - Level 3.2 Shields


You had 4 spell levels left.
You didn't know any spells.
Your spell library was empty.

Dungeon Overview and Level Annotations

Branches:
Dungeon (4/15)
 Temple: D:4-7

Altars:
Fedhas

Annotations:
D:4 Menkaure


Message History

You take 1 damage, and have 44/48 hp.
The orc shouts!
You hit the hobgoblin but do no damage. The hobgoblin barely misses you.
You hit the hobgoblin.
You kill the hobgoblin!
You slash the orc!
You kill the orc!
No target in view!
No target in view!
No target in view!
Things that are here:
a +0 mace; a hobgoblin corpse
Found 4 poisoned darts.
Health restored: 48 Menkaure, Prince of Dust comes into view.
Menkaure shouts!
Menkaure gestures at you while chanting.
Pain shoots through your body!
You see here 4 poisoned darts.
You take 1 damage, and have 47/48 hp.
Menkaure mumbles some strange words.
Menkaure seems to speed up.
Menkaure closely misses you.
Health restored: 48 You barely miss Menkaure.
Menkaure's bandages flutter.
Menkaure casts a spell at you. Pain shoots through your body!
You take 11 damage, and have 37/48 hp. !!!!--MASSIVE DAMAGE--!!!!
You slash Menkaure!
Menkaure is moderately damaged.
Menkaure calls on the powers of darkness!
Your body is wracked with pain!
* * * LOW HITPOINT WARNING * * *
Menkaure hits you!
* * * LOW HITPOINT WARNING * * *
You take 28 damage, and have 9/48 hp. !!!!--MASSIVE DAMAGE--!!!!
You feel very mighty all of a sudden. Menkaure hits you!
You die...

.##.##.......#
#.#.#.#..#
.##>##.......#
#........#
###.##########
#####.#### ..#.# #..#
#.#.#### #.##
.......# #.# ....##.#
#.#
#.####.############(#
...............M@...#
#.####.##############
#.####.# .......#
######## ..# #.# #
#.#


You could see Menkaure (fast).

Vanquished Creatures
  An iguana (D:4)
  A sleepcap (D:4)
  4 adders
  A worm (D:3)
  A dart slug (D:4)
  2 orcs
  6 ball pythons
  3 bats
  5 endoplasms
  2 giant cockroaches
  8 goblins
  5 hobgoblins
  2 jackals (D:4)
  3 kobolds
  4 quokkas
  6 frilled lizards
  5 rats
59 creatures vanquished.

Notes
Turn   | Place    | Note
-------+----------+-------------------------------------------
     0 | D:1      | Iich the Hill Orc Fighter began the quest for the Orb.
     0 | D:1      | Reached XP level 1. HP: 19/19 MP: 1/1
    23 | D:1      | Reached skill level 3 in Axes
    57 | D:1      | Reached XP level 2. HP: 26/27 MP: 2/2
   379 | D:1      | Reached skill level 4 in Axes
   394 | D:1      | Reached XP level 3. HP: 32/33 MP: 3/3
  1002 | D:2      | Reached XP level 4. HP: 41/41 MP: 4/4
  1379 | D:3      | Found a blossoming altar of Fedhas.
  1594 | D:3      | Reached skill level 5 in Axes
  2337 | D:4      | Reached XP level 5. HP: 47/47 MP: 5/5
  2375 | D:4      | Reached skill level 5 in Fighting
  2375 | D:4      | Reached skill level 6 in Axes
  2449 | D:4      | Noticed Menkaure
  2455 | D:4      | Slain by Menkaure

Illustrated notes

Levels and vault maps discovered:
D:1:      dpeg_arrival_short_road, layout_basic
D:2:      layout_basic, kennysheep_potato
D:3:      layout_basic, mainiacjoe_overflow_24_doors
D:4:      layout_loops_cross, mainiacjoe_overflow_tiny_flanked, kennysheep_mini,
          uniq_natasha, uniq_menkaure, uniq_grinder, uniq_edmund

Skill      XL: |  1  2  3  4  5 |
---------------+----------------+-----
Axes           | 3 4 5 6 |  6.0
Fighting       | 4 5 |  5.0
Armour         | |  3.2
Shields        | |  3.2

Action                     |  1- 3 |  4- 6 || total
---------------------------+-------+-------++-------
  Melee: War axe           |    90 |    64 ||   154
    Use: Scroll            |     1 |     5 ||     6
         Potion            |       |     1 ||     1
 Armour: Scale mail        |    53 |    30 ||    83
  Dodge: Dodged            |    45 |    27 ||    72
  Block: Buckler           |    20 |    16 ||    36

Table legend: (Time is in decaauts)
 A = Elapsed time spent in this place.
 B = Non-inter-level travel time spent in this place.
 C = Inter-level travel time spent in this place.
 D = Time resting spent in this place.
 E = Time spent auto-exploring this place.
 F = Levels seen in this place.
 G = Mean time per level.
                   A        B        C        D        E       F      G
               +--------+--------+--------+--------+--------+-----+--------+
         Total |   2503 |   2417 |     86 |    100 |   1919 |   4 |  625.8 |
       Dungeon |   2503 |   2417 |     86 |    100 |   1919 |   4 |  625.8 |
               +--------+--------+--------+--------+--------+-----+--------+

Top non-repeatable levels by time:
     D:3: 886 daAuts
     D:2: 741 daAuts
     D:1: 644 daAuts
     D:4: 231 daAuts
